[Event "CZE Extraliga 2019-20"]
[Site "Czech Republic"]
[Date "2019.10.12"]
[Round "1"]
[White "Bartel, Mateusz"]
[Black "Cvek, Robert"]
[Result "1-0"]
[ECO "E16"]
[WhiteElo "2635"]
[BlackElo "2517"]
[Annotator "RC"]
[PlyCount "144"]
[EventDate "2019.10.12"]
[EventType "team-tourn"]
[EventCountry "CZE"]
[SourceTitle "playchess.com"]
[Source "ChessBase"]
[SourceQuality "1"]
[WhiteTeam "Novoborsky"]
[BlackTeam "Poruba"]
[TimeControl "40/5400+30:1800+30"]

1. c4 e6 2. g3 d5 3. Bg2 Nf6 4. d4 Be7 5. Nf3 O-O 6. O-O c6 7. Nc3 b6 8. Bf4 Bb7 9. Rc1 Nbd7 10. cxd5 Nxd5 11. Nxd5 exd5 12. Qa4 Re8 13. Rxc6 Bxc6 14. Qxc6 Bf6 15. Qxd5 Nf8 16. Ne5 Bxe5 17. Bxe5 Qxd5 18. Bxd5 Rac8 19. Bb3 b5 20. e3 a5 21. a4 bxa4 22. Bxa4 Red8 23. g4 Nd7 24. Bg3 Nb6 25. Ra1 Nxa4 26. Rxa4 Rd5 27. b4 axb4 28. Rxb4 Rcd8 29. h4 f6 30. Kf1 Re8 31. Bf4 h6 32. h5 Ra5 33. Kg2 Rea8 34. Bc7 R5a7 35. Bb8 Ra2 36. Kf3 Rd2 37. Rb7 Rda2 38. d5 Rd2 39. Rb5 Raa2 40. Bg3 Rdb2 41. Rxb2 Rxb2 42. Ke4 Rb5 43. Bc7 Kf7 44. f3 Rc5 45. Bb6 Rb5 46. Bd4 Ra5 47. Bc3 Rb5 48. Kd4 Rb1 49. e4 Rf1 50. Ke3 Rg1 51. Bd2 Rg2 52. Be1 Ra2 53. Bb4 Rb2 54. Bc3 Rg2 55. Bd4 Ra2 56. Kd3 Rg2 57. Bc5 Ke8 58. Ke3 Kf7 59. Kf4 Rd2 60. Kf5 Rd3 61. f4 Rc3 62. Bd6 Rf3 63. e5 fxe5 64. Bxe5 Rf1 65. d6 Rd1 66. g5 hxg5 67. fxg5 Rf1+ 68. Bf4 Ke8 69. g6 Kf8 70. Ke5 Ke8 71. Kf5 Kf8 72. Ke4 Rh1 1-0

[Event "CZE Extraliga 2019-20"]
[Site "Czech Republic"]
[Date "2019.10.12"]
[Round "1"]
[White "Plat, Vojtech"]
[Black "Rasik, Vitezslav"]
[Result "1/2-1/2"]
[ECO "E62"]
[WhiteElo "2573"]
[BlackElo "2470"]
[Annotator "ChessBase"]
[PlyCount "35"]
[EventDate "2019.10.12"]
[EventType "team-tourn"]
[EventCountry "CZE"]
[SourceTitle "playchess.com"]
[Source "ChessBase"]
[SourceQuality "1"]
[WhiteTeam "Lysa nad Labem"]
[BlackTeam "Ostrava"]
[WhiteTeamCountry "CZE"]
[BlackTeamCountry "CZE"]
[TimeControl "40/5400+30:1800+30"]

1. c4 g6 2. Nc3 Bg7 3. g3 Nf6 4. Bg2 O-O 5. Nf3 d6 6. d4 Nc6 7. O-O e5 8. dxe5 Nxe5 9. Nxe5 dxe5 10. Qxd8 Rxd8 11. Bg5 Rd4 12. Nd5 Nxd5 13. cxd5 e4 14. Rad1 Ra4 15. Rc1 Be5 16. Bf4 Bxf4 17. gxf4 Rxa2 18. Bxe4 1/2-1/2

[Event "CZE Extraliga 2019-20"]
[Site "Czech Republic"]
[Date "2019.10.12"]
[Round "1"]
[White "Babula, Vlastimil"]
[Black "Kanovsky, David"]
[Result "1-0"]
[ECO "A73"]
[WhiteElo "2559"]
[BlackElo "2424"]
[Annotator "ChessBase"]
[PlyCount "79"]
[EventDate "2019.10.12"]
[EventType "team-tourn"]
[EventCountry "CZE"]
[SourceTitle "playchess.com"]
[Source "ChessBase"]
[SourceQuality "1"]
[WhiteTeam "Novoborsky"]
[BlackTeam "Poruba"]
[WhiteTeamCountry "CZE"]
[BlackTeamCountry "CZE"]
[TimeControl "40/5400+30:1800+30"]

1. d4 Nf6 2. c4 c5 3. d5 e6 4. Nc3 exd5 5. cxd5 d6 6. Nf3 g6 7. Nd2 Bg7 8. e4 O-O 9. Be2 Na6 10. O-O Ne8 11. Nc4 f5 12. Bf4 g5 13. Bd2 f4 14. Re1 Bd7 15. e5 dxe5 16. Bf1 Bf5 17. Nxe5 Nac7 18. h4 h6 19. hxg5 hxg5 20. Na4 Nxd5 21. Qb3 Nef6 22. Rad1 Kh7 23. Nxc5 Qb6 24. Bd3 Ne7 25. Qc2 Kg8 26. Bxf5 Nxf5 27. Na4 Qb5 28. Qxf5 Qxa4 29. Qe6+ Kh7 30. Qf5+ Kg8 31. Qe6+ Kh7 32. Nf7 Rae8 33. Qf5+ Kg8 34. Nxg5 Qxa2 35. Bb4 Rxe1+ 36. Rxe1 Rd8 37. Re7 Qd5 38. Qg6 Qd1+ 39. Be1 Nh5 40. Re8+ 1-0

[Event "CZE Extraliga 2019-20"]
[Site "Czech Republic"]
[Date "2019.10.12"]
[Round "1"]
[White "Kriebel, Tadeas"]
[Black "Klima, Lukas"]
[Result "1/2-1/2"]
[ECO "B12"]
[WhiteElo "2528"]
[BlackElo "2334"]
[Annotator "ChessBase"]
[PlyCount "121"]
[EventDate "2019.10.12"]
[EventType "team-tourn"]
[EventCountry "CZE"]
[SourceTitle "playchess.com"]
[Source "ChessBase"]
[SourceQuality "1"]
[WhiteTeam "Novoborsky"]
[BlackTeam "Poruba"]
[WhiteTeamCountry "CZE"]
[BlackTeamCountry "CZE"]
[TimeControl "40/5400+30:1800+30"]

1. e4 c6 2. d4 d5 3. e5 Bf5 4. Nf3 e6 5. Be2 h6 6. O-O Ne7 7. Nbd2 Nd7 8. Nb3 Qc7 9. Bd2 g5 10. a4 Ng6 11. Ne1 g4 12. Bxg4 Bxg4 13. Qxg4 c5 14. f4 Ne7 15. Be3 Nf5 16. Bf2 h5 17. Qe2 c4 18. Nc1 O-O-O 19. Nf3 h4 20. Ng5 Nb8 21. b3 Bh6 22. Nh3 Nc6 23. c3 Nce7 24. a5 Kb8 25. Be1 Rhg8 26. Ra4 Rg6 27. Rf2 Rdg8 28. Bd2 Qd7 29. Ra1 Qb5 30. Ng5 Bxg5 31. fxg5 Nc6 32. bxc4 dxc4 33. a6 b6 34. Qe4 Na5 35. Ne2 Qxa6 36. d5 Qb7 37. Rd1 Rd8 38. Nf4 Rgg8 39. Qc2 Qd7 40. g6 fxg6 41. Nxe6 Qxd5 42. Nxd8 Rxd8 43. e6 Qxe6 44. Bf4+ Kc8 45. Rxd8+ Kxd8 46. Re2 Qc6 47. Re5 Kc8 48. h3 Kb7 49. Qe2 Nb3 50. Re6 Qd5 51. Rxg6 Nc5 52. Qe8 Qe4 53. Qb8+ Ka6 54. Bc7 Qb1+ 55. Kh2 Ne3 56. Rxb6+ axb6 57. Qa8+ Kb5 58. Qe8+ Ka6 59. Qa8+ Kb5 60. Qe8+ Ka6 61. Qa8+ 1/2-1/2

[Event "CZE Extraliga 2019-20"]
[Site "Czech Republic"]
[Date "2019.10.12"]
[Round "1"]
[White "Oral, Tomas"]
[Black "Malik, Jan"]
[Result "0-1"]
[ECO "B52"]
[WhiteElo "2509"]
[BlackElo "2291"]
[Annotator "ChessBase"]
[PlyCount "138"]
[EventDate "2019.10.12"]
[EventType "team-tourn"]
[EventCountry "CZE"]
[SourceTitle "playchess.com"]
[Source "ChessBase"]
[SourceQuality "1"]
[WhiteTeam "Lysa nad Labem"]
[BlackTeam "Ostrava"]
[WhiteTeamCountry "CZE"]
[BlackTeamCountry "CZE"]
[TimeControl "40/5400+30:1800+30"]

1. e4 c5 2. Nf3 d6 3. Bb5+ Bd7 4. Bxd7+ Qxd7 5. c4 Nf6 6. Nc3 g6 7. d4 cxd4 8. Nxd4 Bg7 9. f3 O-O 10. Be3 Nc6 11. O-O a6 12. a4 Rac8 13. Rc1 Nxd4 14. Bxd4 Rxc4 15. b3 Rc6 16. f4 Rfc8 17. Qd3 e5 18. Be3 exf4 19. Bd4 Qe6 20. Rb1 Nh5 21. Nd5 Re8 22. Bxg7 Kxg7 23. Nxf4 Nxf4 24. Rxf4 Rec8 25. Rd1 R8c7 26. Rf3 Qe5 27. h3 Rc1 28. Qd2 Rxd1+ 29. Qxd1 Re7 30. Kh1 Rd7 31. Qd3 d5 32. exd5 Rxd5 33. Qc4 b5 34. axb5 axb5 35. Qf4 Qxf4 36. Rxf4 f5 37. Kh2 Kf6 38. Rb4 g5 39. h4 h6 40. hxg5+ hxg5 41. g4 fxg4 42. Rxg4 Kf5 43. Rb4 Ke5 44. Kg2 Kd6 45. Rg4 Rf5 46. Rd4+ Kc5 47. Rg4 Rf4 48. Rxg5+ Kb4 49. Rh5 Rf8 50. Rg5 Rb8 51. Rg3 Ka3 52. Kf2 Re8 53. Rh3 b4 54. Rf3 Kb2 55. Rh3 Kc2 56. Rf3 Rd8 57. Ke2 Rd2+ 58. Ke1 Rd3 59. Rf4 Kxb3 60. Ke2 Rd5 61. Rf8 Kb2 62. Rb8 b3 63. Ke3 Kc2 64. Rc8+ Kb1 65. Ke4 Rd7 66. Ke3 b2 67. Ra8 Rd5 68. Ke4 Rd2 69. Ke3 Kc1 0-1

[Event "CZE Extraliga 2019-20"]
[Site "Czech Republic"]
[Date "2019.10.12"]
[Round "1"]
[White "Kociscak, Jiri"]
[Black "Najer, Evgeniy"]
[Result "0-1"]
[ECO "E32"]
[WhiteElo "2499"]
[BlackElo "2635"]
[Annotator "RC"]
[PlyCount "82"]
[EventDate "2019.10.12"]
[EventType "team-tourn"]
[EventCountry "CZE"]
[SourceTitle "playchess.com"]
[Source "ChessBase"]
[SourceQuality "1"]
[WhiteTeam "Ostrava"]
[BlackTeam "Lysa nad Labem"]
[TimeControl "40/5400+30:1800+30"]

{[BlackFideId "4118987"] [BlackEloChange "3"]} 1. d4 Nf6 2. c4 e6 3. Nc3 Bb4 4. Qc2 O-O 5. a3 Bxc3+ 6. Qxc3 b6 7. Bg5 Bb7 8. f3 c5 9. dxc5 bxc5 10. Nh3 h6 11. Bxf6 Qxf6 12. Qxf6 gxf6 13. Nf4 Rd8 14. e3 a5 15. O-O-O Kf8 16. Ne2 Nc6 17. Nc3 Ke7 18. b3 Ne5 19. Be2 Rg8 20. Rhg1 h5 21. Kd2 h4 22. Rdf1 f5 23. h3 Rg3 24. f4 Bxg2 25. fxe5 Bxf1 26. Rxg3 Bxe2 27. Rg7 Bf3 28. Nb5 Bh5 29. Rh7 Bg6 30. Rxh4 f6 31. exf6+ Kxf6 32. Rf4 Ke5 33. Rh4 Rg8 34. Kc3 Be8 35. Nc7 Bf7 36. Rh7 Kf6 37. Nb5 Rg3 38. Kd2 Rg2+ 39. Kc3 f4 40. Rxf7+ Kxf7 41. exf4 Ke7 0-1

[Event "CZE Extraliga 2019-20"]
[Site "Czech Republic"]
[Date "2019.10.12"]
[Round "1"]
[White "Rogozenco, Dorian"]
[Black "Firt, Stanislav"]
[Result "1-0"]
[ECO "E62"]
[WhiteElo "2491"]
[BlackElo "2193"]
[Annotator "ChessBase"]
[PlyCount "60"]
[EventDate "2019.10.12"]
[EventType "team-tourn"]
[EventCountry "CZE"]
[SourceTitle "playchess.com"]
[Source "ChessBase"]
[SourceQuality "1"]
[WhiteTeam "Lysa nad Labem"]
[BlackTeam "Ostrava"]
[WhiteTeamCountry "ROU"]
[BlackTeamCountry "CZE"]
[TimeControl "40/5400+30:1800+30"]

1. d4 Nf6 2. c4 g6 3. g3 Bg7 4. Bg2 O-O 5. Nc3 d6 6. Nf3 c6 7. O-O Qa5 8. e4 Bg4 9. h3 Bxf3 10. Bxf3 Nfd7 11. Rb1 e5 12. d5 c5 13. a3 a6 14. Bd2 Qd8 15. Qe2 f5 16. b4 f4 17. Bg4 h5 18. Be6+ Kh7 19. Na4 Ra7 20. Rb3 Rf6 21. bxc5 Nxc5 22. Nxc5 dxc5 23. Rfb1 Qc7 24. gxf4 exf4 25. e5 Rxe6 26. dxe6 Nc6 27. Bxf4 Nd4 28. Qe4 Nxb3 29. Rxb3 Qe7 30. Rb6 Qd8 1-0

[Event "CZE Extraliga 2019-20"]
[Site "Czech Republic"]
[Date "2019.10.12"]
[Round "1"]
[White "Biolek, Richard Jr."]
[Black "Krejci, Jan"]
[Result "1/2-1/2"]
[ECO "C68"]
[WhiteElo "2454"]
[BlackElo "2574"]
[Annotator "RC"]
[PlyCount "97"]
[EventDate "2019.10.12"]
[EventType "team-tourn"]
[EventCountry "CZE"]
[SourceTitle "playchess.com"]
[Source "ChessBase"]
[SourceQuality "1"]
[WhiteTeam "Czech Republic"]
[BlackTeam "Novoborsky"]
[WhiteTeamCountry "CZE"]
[BlackTeamCountry "CZE"]
[TimeControl "40/5400+30:1800+30"]

1. e4 e5 2. Nf3 Nc6 3. Bb5 a6 4. Bxc6 dxc6 5. O-O Qf6 6. d4 exd4 7. Bg5 Qd6 8. Qxd4 f6 9. Be3 Qxd4 10. Nxd4 Bd7 11. Nc3 Ne7 12. Rad1 Ng6 13. f4 O-O-O 14. Nf3 Bd6 15. f5 Ne5 16. Nxe5 Bxe5 17. Bf4 Bxc3 18. bxc3 Rde8 19. Rfe1 Re7 20. Re3 g5 21. fxg6 hxg6 22. e5 fxe5 23. Bxe5 Rhe8 24. Rde1 Bf5 25. Bd4 Rxe3 26. Rxe3 Rxe3 27. Bxe3 b6 28. Kf2 Kd7 29. Ke2 Bxc2 30. Kd2 Be4 31. g3 Bf5 32. h4 c5 33. Kc1 Kc6 34. Bf4 b5 35. Kb2 a5 36. Be5 Be6 37. a3 Kb6 38. Bf4 b4 39. Be5 c6 40. Bf6 Kb5 41. Be7 Kc4 42. Bf6 Bg4 43. Bg7 Kd3 44. Bf6 Bd1 45. Bg7 Kc4 46. Bf6 Kb5 47. Be7 Bf3 48. Bf8 Kc4 49. Bg7 1/2-1/2

[Event "CZE Extraliga 2019-20"]
[Site "Czech Republic"]
[Date "2019.10.12"]
[Round "1"]
[White "Priehoda, Vitezslav"]
[Black "Richterova, Natasa"]
[Result "1/2-1/2"]
[ECO "D23"]
[WhiteElo "2344"]
[BlackElo "2212"]
[Annotator "ChessBase"]
[PlyCount "83"]
[EventDate "2019.10.12"]
[EventType "team-tourn"]
[EventCountry "CZE"]
[SourceTitle "playchess.com"]
[Source "ChessBase"]
[SourceQuality "1"]
[WhiteTeam "Lysa nad Labem"]
[BlackTeam "Ostrava"]
[WhiteTeamCountry "CZE"]
[BlackTeamCountry "CZE"]
[TimeControl "40/5400+30:1800+30"]

1. d4 d5 2. c4 c6 3. Nf3 Nf6 4. Qb3 dxc4 5. Qxc4 Qd5 6. Qxd5 cxd5 7. Nc3 a6 8. Bg5 e6 9. e3 Nc6 10. Bd3 Nb4 11. Bb1 Bd7 12. O-O h6 13. Bh4 Bd6 14. Rc1 O-O 15. a3 Nc6 16. b4 Rac8 17. Bd3 Na7 18. Nd2 g5 19. Bg3 Bxg3 20. hxg3 Rc7 21. Nb3 Rfc8 22. Nc5 Be8 23. Ne2 Bb5 24. Bxb5 axb5 25. f3 Ne8 26. Kf2 Nd6 27. Nd3 Rxc1 28. Rxc1 Rxc1 29. Nexc1 Nc4 30. Nc5 b6 31. Nd7 Nxa3 32. Nxb6 Nc6 33. Na2 f6 34. Na8 Kf7 35. Nc7 Ke7 36. Nc3 Na7 37. Ke2 Kd7 38. Na6 Kd6 39. Nc5 Nc6 40. Na6 Nc2 41. Nxb5+ Ke7 42. g4 1/2-1/2

[Event "CZE Extraliga 2019-20"]
[Site "Czech Republic"]
[Date "2019.10.12"]
[Round "1"]
[White "Koziol, Kamil"]
[Black "Yemelin, Vasily"]
[Result "1-0"]
[ECO "C12"]
[WhiteElo "2283"]
[BlackElo "2546"]
[Annotator "ChessBase"]
[PlyCount "89"]
[EventDate "2019.10.12"]
[EventType "team-tourn"]
[EventCountry "CZE"]
[SourceTitle "playchess.com"]
[Source "ChessBase"]
[SourceQuality "1"]
[WhiteTeam "Ostrava"]
[BlackTeam "Lysa nad Labem"]
[WhiteTeamCountry "POL"]
[BlackTeamCountry "RUS"]
[TimeControl "40/5400+30:1800+30"]

1. e4 e6 2. d4 d5 3. Nc3 Nf6 4. Bg5 Bb4 5. e5 h6 6. Bd2 Bxc3 7. bxc3 Ne4 8. Bc1 c5 9. Ne2 Qa5 10. f3 Ng5 11. h4 Nh7 12. Kf2 Nc6 13. g4 Bd7 14. Bg2 O-O-O 15. f4 f6 16. Bf3 Rdf8 17. Qd3 Be8 18. a4 fxe5 19. fxe5 c4 20. Qe3 Bg6 21. Ba3 Rf7 22. Nf4 Bxc2 23. Rhc1 Be4 24. Bxe4 g5 25. hxg5 hxg5 26. Bc2 Rxf4+ 27. Kg3 Nf8 28. Rh1 Rg8 29. Rh6 Qc7 30. Rah1 Qf7 31. Rh8 Ng6 32. Rxg8+ Qxg8 33. Rh5 Nge7 34. Rxg5 Qxg5 35. Qxf4 Qg8 36. Qf6 Kd7 37. g5 a6 38. g6 b5 39. axb5 axb5 40. g7 Qa8 41. Bxe7 Nxe7 42. Qf7 Qa1 43. Kh2 Qa8 44. Bg6 b4 45. Qf8 1-0

[Event "CZE Extraliga 2019-20"]
[Site "Czech Republic"]
[Date "2019.10.12"]
[Round "1"]
[White "Walek, Petr"]
[Black "Jansa, Vlastimil"]
[Result "0-1"]
[ECO "B46"]
[WhiteElo "2263"]
[BlackElo "2452"]
[Annotator "ChessBase"]
[PlyCount "58"]
[EventDate "2019.10.12"]
[EventType "team-tourn"]
[EventCountry "CZE"]
[SourceTitle "playchess.com"]
[Source "ChessBase"]
[SourceQuality "1"]
[WhiteTeam "Ostrava"]
[BlackTeam "Lysa nad Labem"]
[WhiteTeamCountry "CZE"]
[BlackTeamCountry "CZE"]
[TimeControl "40/5400+30:1800+30"]

1. e4 c5 2. Nf3 e6 3. d4 cxd4 4. Nxd4 Nc6 5. Nc3 a6 6. f4 Qc7 7. Nxc6 bxc6 8. Bd3 d5 9. O-O Nf6 10. Kh1 Be7 11. b3 O-O 12. Bb2 Bb7 13. Qe2 c5 14. exd5 exd5 15. Rae1 Rae8 16. Nb5 Qc6 17. Nc7 Rc8 18. Nxa6 Ne4 19. Bb5 Qh6 20. Rf3 Bh4 21. Ref1 Ng3+ 22. Rxg3 Bxg3 23. h3 d4 24. Kg1 Bxf4 25. b4 Be3+ 26. Kh2 Qd6+ 27. g3 cxb4 28. Bc1 Bxc1 29. Rxc1 Ra8 0-1

[Event "CZE Extraliga 2019-20"]
[Site "Czech Republic"]
[Date "2019.10.12"]
[Round "1"]
[White "Krajina, Ales"]
[Black "Kislinsky, Alexey"]
[Result "0-1"]
[ECO "A48"]
[WhiteElo "2141"]
[BlackElo "2442"]
[Annotator "ChessBase"]
[PlyCount "88"]
[EventDate "2019.10.12"]
[EventType "team-tourn"]
[EventCountry "CZE"]
[SourceTitle "playchess.com"]
[Source "ChessBase"]
[SourceQuality "1"]
[WhiteTeam "Ostrava"]
[BlackTeam "Lysa nad Labem"]
[WhiteTeamCountry "CZE"]
[BlackTeamCountry "CZE"]
[TimeControl "40/5400+30:1800+30"]

1. d4 Nf6 2. Nf3 g6 3. Nc3 c5 4. Bg5 Bg7 5. e3 cxd4 6. exd4 d5 7. h3 O-O 8. Bd3 Nc6 9. a3 h6 10. Bf4 Nh5 11. Be3 e5 12. Be2 e4 13. Nh2 f5 14. Bxh5 gxh5 15. Qd2 Kh7 16. Ne2 Be6 17. Nf4 Bf7 18. Nf1 h4 19. g3 Na5 20. b3 b6 21. gxh4 Rc8 22. Ng3 Qd7 23. O-O Bf6 24. h5 Rc6 25. Kh2 Rfc8 26. Ra2 Qc7 27. Nxf5 Bxh5 28. Rg1 Bf3 29. Ng3 Qf7 30. Ng2 h5 31. Bg5 Rg8 32. Bxf6 Rxf6 33. Nh4 Rf4 34. Ng2 Bxg2 35. Rxg2 h4 36. Nh1 Rf3 37. Rxg8 Qxg8 38. Ra1 Nc6 39. Rg1 Rxh3+ 40. Kxh3 Qxg1 41. Kxh4 Qxh1+ 42. Kg4 Qf3+ 43. Kg5 Nd8 44. Qf4 Ne6+ 0-1

[Event "CZE Extraliga 2019-20"]
[Site "Czech Republic"]
[Date "2019.10.12"]
[Round "1.1"]
[White "Balogh, Csaba"]
[Black "Stohl, Igor"]
[Result "1-0"]
[ECO "C42"]
[WhiteElo "2587"]
[BlackElo "2487"]
[Annotator "ChessBase"]
[PlyCount "123"]
[EventDate "2019.09.15"]
[EventType "team-tourn"]
[EventCountry "CZE"]
[SourceTitle "playchess.com"]
[Source "ChessBase"]
[SourceQuality "1"]
[TimeControl "40/5400+30:1800+30"]

1. e4 e5 2. Nf3 Nf6 3. Nxe5 d6 4. Nc4 Nxe4 5. Qe2 Qe7 6. Ne3 Be6 7. c4 c6 8. g3 g6 9. Bg2 Nf6 10. Nc3 Bg7 11. d4 O-O 12. O-O Bd7 13. b4 Na6 14. b5 Nc7 15. a4 Rab8 16. Ba3 c5 17. Rad1 b6 18. Rfe1 Rfe8 19. Qd2 Qf8 20. Bb2 Rbd8 21. d5 a5 22. f4 Ng4 23. Ne4 Bxb2 24. Qxb2 Qg7 25. Qxg7+ Kxg7 26. Nf1 Bf5 27. h3 Bxe4 28. Bxe4 Nh6 29. Kf2 f5 30. Bd3 Rxe1 31. Rxe1 Re8 32. Ne3 Nf7 33. g4 fxg4 34. hxg4 h6 35. Kf3 Rf8 36. Kg3 Re8 37. Kf3 Rf8 38. Kg3 Re8 39. Re2 Kf6 40. Kf3 Kg7 41. Rh2 Rf8 42. Kg3 Re8 43. Kf3 Rf8 44. Bc2 Ne8 45. Re2 Nf6 46. Ng2 Re8 47. Re6 Rxe6 48. dxe6 Nd8 49. f5 d5 50. cxd5 Nxd5 51. Ne3 Ne7 52. Ke4 Kf6 53. Nd5+ Nxd5 54. Kxd5 gxf5 55. gxf5 h5 56. Kd6 h4 57. Kd7 Nf7 58. exf7 Kxf7 59. Kd6 Kf6 60. Kd5 h3 61. Bd3 h2 62. Be4 1-0

[Event "CZE Extraliga 2019-20"]
[Site "Czech Republic"]
[Date "2019.10.12"]
[Round "1.1"]
[White "Ponizil, Cyril"]
[Black "UNI2 Cernousek Lukas IM"]
[Result "1/2-1/2"]
[ECO "A08"]
[WhiteElo "2504"]
[BlackElo "2458"]
[Annotator "ChessBase"]
[PlyCount "132"]
[EventDate "2019.09.15"]
[EventType "team-tourn"]
[EventCountry "CZE"]
[SourceTitle "playchess.com"]
[Source "ChessBase"]
[SourceQuality "1"]
[WhiteTeam "Duras"]
[TimeControl "40/5400+30:1800+30"]

1. Nf3 d5 2. g3 c5 3. Bg2 Nf6 4. O-O e6 5. d3 Nc6 6. Nbd2 g6 7. e4 Bg7 8. exd5 Nxd5 9. Nc4 h6 10. Re1 Qc7 11. Ng5 O-O 12. Ne4 b6 13. Ne3 Nxe3 14. Bxe3 Bb7 15. Bf4 e5 16. Bd2 Rad8 17. a4 Nd4 18. Be3 c4 19. Bxd4 Rxd4 20. Re3 Rfd8 21. Ra3 f5 22. Nc3 Bxg2 23. Kxg2 Qc6+ 24. Qf3 Qxf3+ 25. Kxf3 cxd3 26. cxd3 f4 27. gxf4 exf4 28. Re6 Kf7 29. Re2 Rxd3+ 30. Kxf4 Bf8 31. Ra1 Bd6+ 32. Ke4 Bxh2 33. Re3 Rd2 34. Kf3 Rf8 35. Kg2 Bf4 36. Rf3 g5 37. a5 Rxb2 38. axb6 axb6 39. Ra6 Kg7 40. Nd5 b5 41. Ra7+ Kg6 42. Ra6+ Kg7 43. Ra7+ Kg8 44. Ra6 Rf7 45. Rg6+ Kh7 46. Re6 Rc2 47. Nxf4 Rxf4 48. Rxf4 gxf4 49. Rb6 Rb2 50. Kf3 b4 51. Kg4 b3 52. Kf5 Kg7 53. f3 Rb1 54. Rg6+ Kh7 55. Rb6 Kg7 56. Rg6+ Kf7 57. Rxh6 Ke7 58. Rb6 Kd7 59. Ke4 Kc7 60. Rb4 Kc6 61. Kd4 Kd6 62. Rb6+ Kc7 63. Rb4 b2 64. Kc3 Rf1 65. Rxb2 Rxf3+ 66. Kd4 Kd6 1/2-1/2

[Event "CZE Extraliga 2019-20"]
[Site "Czech Republic"]
[Date "2019.10.12"]
[Round "1.1"]
[White "Kraus, Tomas"]
[Black "Gonda, Laszlo"]
[Result "1-0"]
[ECO "C47"]
[WhiteElo "2475"]
[BlackElo "2541"]
[Annotator "ChessBase"]
[PlyCount "51"]
[EventDate "2019.09.15"]
[EventType "team-tourn"]
[EventCountry "CZE"]
[SourceTitle "playchess.com"]
[Source "ChessBase"]
[SourceQuality "1"]
[WhiteTeam "Turnov"]
[BlackTeam "Kromeriz"]
[TimeControl "40/5400+30:1800+30"]

1. e4 e5 2. Nf3 Nc6 3. Nc3 Nf6 4. d4 exd4 5. Nxd4 Bb4 6. Nxc6 bxc6 7. Bd3 O-O 8. O-O d5 9. exd5 Bg4 10. f3 Bh5 11. g4 Bg6 12. Bxg6 fxg6 13. dxc6 Qe7 14. Qd3 Qc5+ 15. Be3 Qxc6 16. Rad1 Rfe8 17. Bd4 a6 18. a3 Bf8 19. b4 Rad8 20. Rf2 Kh8 21. Re2 Rxe2 22. Nxe2 Qe6 23. Nf4 Qc6 24. g5 Nd7 25. Bb2 Bd6 26. Bxg7+ 1-0

[Event "CZE Extraliga 2019-20"]
[Site "Czech Republic"]
[Date "2019.10.12"]
[Round "1.2"]
[White "Zhigalko, Andrey"]
[Black "Hracek, Zbynek"]
[Result "1/2-1/2"]
[ECO "D35"]
[WhiteElo "2543"]
[BlackElo "2555"]
[Annotator "ChessBase"]
[PlyCount "75"]
[EventDate "2019.09.15"]
[EventType "team-tourn"]
[EventCountry "CZE"]
[SourceTitle "playchess.com"]
[Source "ChessBase"]
[SourceQuality "1"]
[BlackTeam "Pardubice"]
[TimeControl "40/5400+30:1800+30"]

1. c4 e6 2. Nc3 d5 3. d4 Nf6 4. cxd5 exd5 5. Bg5 c6 6. e3 Be7 7. Bd3 Nbd7 8. Nge2 Nf8 9. O-O Ne6 10. Bh4 O-O 11. f3 b5 12. Rc1 g6 13. Qd2 Re8 14. Kh1 Bb7 15. Nf4 Nxf4 16. exf4 Nh5 17. Bxe7 Qxe7 18. Ne2 Qh4 19. Kg1 Re7 20. g3 Qf6 21. f5 Rae8 22. g4 Ng7 23. g5 Rxe2 24. Bxe2 Qxf5 25. Bd3 Qh3 26. Rce1 Re6 27. Qf4 Nh5 28. Qg4 Qxg4+ 29. fxg4 Nf4 30. Rxe6 Nxe6 31. b4 Nxd4 32. Kf2 Ne6 33. h4 Kf8 34. Rc1 Ke7 35. Ke3 Kd6 36. Rf1 Ke7 37. Rc1 Kd6 38. Rf1 1/2-1/2

[Event "CZE Extraliga 2019-20"]
[Site "Czech Republic"]
[Date "2019.10.12"]
[Round "1.2"]
[White "Kozak, Adam"]
[Black "Kantans, Toms"]
[Result "1/2-1/2"]
[ECO "A37"]
[WhiteElo "2512"]
[BlackElo "2484"]
[Annotator "ChessBase"]
[PlyCount "158"]
[EventDate "2019.09.15"]
[EventType "team-tourn"]
[EventCountry "CZE"]
[SourceTitle "playchess.com"]
[Source "ChessBase"]
[SourceQuality "1"]
[WhiteTeam "Kromeriz"]
[BlackTeam "Turnov"]
[TimeControl "40/5400+30:1800+30"]

1. Nf3 c5 2. c4 Nc6 3. g3 g6 4. Bg2 Bg7 5. Nc3 e6 6. d4 cxd4 7. Nb5 d5 8. cxd5 exd5 9. O-O Nge7 10. Nbxd4 O-O 11. Be3 Re8 12. Re1 Bf5 13. Nxc6 Nxc6 14. Nd4 Be4 15. Nxc6 bxc6 16. Bd4 Bxd4 17. Qxd4 Qb6 18. Qd2 d4 19. Rac1 c5 20. Rc4 a5 21. Rec1 Bxg2 22. Kxg2 Re5 23. f4 Re3 24. Rxc5 Rae8 25. Kf2 Rxe2+ 26. Qxe2 Rxe2+ 27. Kxe2 Qxb2+ 28. R1c2 Qa3 29. Ke1 d3 30. R2c3 Qxa2 31. Rxd3 a4 32. Rd2 Qb1+ 33. Ke2 Qg1 34. Rc8+ Kg7 35. Kd3 h5 36. Rc3 Qb1+ 37. Kc4 a3 38. Rcc2 Kf6 39. Ra2 Kf5 40. Kc3 Kg4 41. Rdc2 h4 42. gxh4 Qe1+ 43. Kb3 Kxf4 44. Rxa3 Qb1+ 45. Kc3 Kg4 46. Ra4+ Kh5 47. Rf4 f5 48. Rcf2 Qd1 49. Rf1 Qe2 50. R1f2 Qe3+ 51. Kc2 Kh6 52. Kd1 Qh3 53. Ke2 Kg7 54. Ra4 Qc3 55. Raf4 Kh6 56. Kf1 Qh8 57. Kg2 Kg7 58. Ra4 Qh5 59. Ra7+ Kh6 60. Ra4 Qd1 61. Raf4 Kg7 62. Rf1 Qd8 63. R1f2 Kf7 64. Kg3 Ke6 65. Re2+ Kf6 66. Ref2 Qb8 67. Kg2 Qb7+ 68. Kg1 Qd5 69. R2f3 Qc5+ 70. Kg2 Qc2+ 71. Kg1 Qb1+ 72. Kg2 Qa2+ 73. Kg1 Qa7+ 74. Kg2 Qh7 75. Kg3 Qh8 76. Ra3 Qb8 77. Raf3 Qe5 78. Kg2 Qe2+ 79. Kg1 Qe1+ 1/2-1/2

[Event "CZE Extraliga 2019-20"]
[Site "Czech Republic"]
[Date "2019.10.12"]
[Round "1.2"]
[White "Druska, Juraj"]
[Black "Blahynka, Martin"]
[Result "1-0"]
[ECO "C47"]
[WhiteElo "2472"]
[BlackElo "2423"]
[Annotator "ChessBase"]
[PlyCount "81"]
[EventDate "2019.09.15"]
[EventType "team-tourn"]
[EventCountry "CZE"]
[SourceTitle "playchess.com"]
[Source "ChessBase"]
[SourceQuality "1"]
[BlackTeam "Duras"]
[TimeControl "40/5400+30:1800+30"]

1. e4 e5 2. Nf3 Nc6 3. Nc3 Nf6 4. d4 exd4 5. Nxd4 Bb4 6. Nxc6 bxc6 7. Bd3 d5 8. exd5 cxd5 9. O-O O-O 10. Bg5 c6 11. Qf3 h6 12. Bxf6 Qxf6 13. Qxf6 gxf6 14. Ne2 Bd6 15. Nd4 c5 16. Nf5 Bxf5 17. Bxf5 Rab8 18. b3 Bc7 19. Rad1 d4 20. Rd3 Rfe8 21. Rh3 Kg7 22. Bd3 Re7 23. f4 Rbe8 24. Rh5 Bb6 25. a4 Re3 26. Ra1 a5 27. Rf1 Rc8 28. Kf2 Rce8 29. Rg1 Bc7 30. Rxc5 Bxf4 31. g3 Re2+ 32. Bxe2 Be3+ 33. Kg2 Bxg1 34. Bd3 Be3 35. Rxa5 Bd2 36. Rd5 Bc3 37. a5 Kf8 38. a6 Ke7 39. Rb5 Ra8 40. Rb7+ Ke6 41. Bc4+ 1-0